 Dungeon Crawl Stone Soup version 0.29-a0-352-g0917bc69df (webtiles) character file.

Game seed: 11510592036473309439

7 NinjaNoafa the Skirmisher (level 1, 0/19 HPs)
             Began as a Draconian Monk on Apr 24, 2022.
             Slain by a bat (1 damage)
             ... on level 1 of the Dungeon.
             The game lasted 00:00:30 (72 turns).

NinjaNoafa the Skirmisher (Draconian Monk)            Turns: 72, Time: 00:00:31

Health: 0/19       AC:  4    Str: 13    XL:     1   Next: 83%
Magic:  1/1        EV: 12    Int: 10    God:
Gold:   10         SH:  0    Dex: 13    Spells: 0/0 levels left

rFire   . . .      SeeInvis .   a - +0 falchion
rCold   . . .      Faith    .   (no shield)
rNeg    . . .      Spirit   .   (body armour unavailable)
rPois   .          Reflect  .   (helmet restricted)
rElec   .          Harm     .   (no cloak)
rCorr   .          Rampage  .   (no gloves)
Will    .....                   (no boots)
Stlth   ++........              (no amulet)
HPRegen 0.06/turn               (no ring)
MPRegen 0.07/turn               (no ring)

@: no status effects
A: AC +4, unfitting armour, cold-blooded
a: no special abilities


You were on level 1 of the Dungeon.
You visited 1 branch of the dungeon, and saw 1 of its levels.

You collected 10 gold pieces.

Inventory:

Hand Weapons
 a - a +0 falchion (weapon)
Missiles
 e - 4 poisoned darts (quivered)
Scrolls
 d - a scroll of identify {unknown}


   Skills:
 + Level 3.4 Fighting
 + Level 3.1 Long Blades
 + Level 2.8 Dodging
 + Level 2.0 Stealth


You couldn't memorise any spells.
You didn't know any spells.
Your spell library contained the following spells:

 Spells                   Type           Power      Damage    Failure   Level
 Foxfire                  Conj/Fire      0%         2x1d4     36%         1
 Conjure Flame            Conj/Fire      0%         6-21      75%         3
 Inner Flame              Hex/Fire       0%         N/A       75%         3
 Flame Wave               Conj/Fire      0%         2d4       98%         4


Dungeon Overview and Level Annotations

Branches:
Dungeon (1/15)

Altars:


Innate Abilities, Weirdness & Mutations

Your plain brown scales are hard. (AC +4)
You cannot fit into any form of body armour.
You are cold-blooded and may be slowed by cold attacks.


Message History

The quokka bites you.
The endoplasm hits you but does no damage.
The kobold hits you but does no damage. The quokka bites you.
You hit the endoplasm.
The endoplasm is almost dead.
The bat hits you but does no damage. The endoplasm completely misses you.
The kobold hits you with a +0 short sword.
The quokka barely misses you. The kobold closely misses you.
The endoplasm hits you. The bat closely misses you.
You hit the endoplasm.
You kill the endoplasm!
The bat closely misses you. The quokka barely misses you.
The quokka closely misses you.
The kobold hits you with a +0 short sword.
Your Stealth skill increases to level 2!
As you read the scroll labelled WOHATI TOEBEABB, it crumbles to dust.
The creatures around you are filled with an inner flame!
It was a scroll of immolation.
The bat hits you but does no damage. The quokka closely misses you.
The kobold closely misses you. The bat closely misses you.
The kobold hits you with a +0 short sword.
* * * LOW HITPOINT WARNING * * *
The quokka attacks as you move away!
The quokka bites you but does no damage.
The kobold attacks as you move away! The kobold barely misses you.
The bat hits you.
* * * LOW HITPOINT WARNING * * *
Throw: 4 darts (poison)
Press: ? - help, Q - select action Shift-Dir - straight line, f - kobold
Aim: a kobold, wielding a +0 short sword (inner flame, 50% to hit)
Okay, then.
The quokka attacks as you move away! The quokka barely misses you.
The kobold attacks as you move away!
The kobold hits you with a +0 short sword.
* * * LOW HITPOINT WARNING * * *
The bat misses you.
The quokka bites you but does no damage.
The quokka attacks as you move away! The quokka closely misses you.
The bat hits you.
You die...

#### ###.♣.♣ ∩......♣#
##.......## #.....♣...####
###♣........)∩@.#
#.♣............##b######
...............#r.K....# ###.
♣......8.......#.......# .....
..♣...........###......##.#...
............###..).....!......
............∩.###.....)#......
............### #.....†......#
♣|...........# ######....###


You could see a bat (inner flame) and a kobold (inner flame).

Vanquished Creatures
  An endoplasm (D:1)
  2 goblins (D:1)
  A hobgoblin (D:1)
  A quokka (D:1)
5 creatures vanquished.

Notes
Turn   | Place    | Note
-------+----------+-------------------------------------------
     0 | D:1      | NinjaNoafa the Draconian Monk began the quest for the Orb.
     0 | D:1      | Reached XP level 1. HP: 19/19 MP: 1/1
    72 | D:1      | Slain by a bat

Illustrated notes

Levels and vault maps discovered:
D:1:      nzn_arrival_settlement, layout_rooms

Skill      XL: |  1 |
---------------+----+-----
Stealth        | 2 |  2.0
Fighting       | |  3.4
Long Blades    | |  3.1
Dodging        | |  2.8

Action                   || total
-------------------------++-------
Melee: Falchion          ||    18
       Tailslap          ||     3
  Use: Scroll            ||     1
       Potion            ||     1
Armor: Skin              ||    28
Dodge: Dodged            ||    68

Table legend: (Time is in decaauts)
 A = Elapsed time spent in this place.
 B = Non-inter-level travel time spent in this place.
 C = Inter-level travel time spent in this place.
 D = Time resting spent in this place.
 E = Time spent auto-exploring this place.
 F = Levels seen in this place.
 G = Mean time per level.
                   A        B        C        D        E       F      G
               +--------+--------+--------+--------+--------+-----+--------+
         Total |     80 |     80 |      0 |      0 |     22 |   1 |   80.0 |
       Dungeon |     80 |     80 |      0 |      0 |     22 |   1 |   80.0 |
               +--------+--------+--------+--------+--------+-----+--------+

Top non-repeatable levels by time:
     D:1: 80 daAuts
